[Event "ICC tourney 3171 (30 10)"]
[Site "Internet Chess Club"]
[Date "2023.04.15"]
[Round "4"]
[White "KINKUS, SAM E:Grandslam34"]
[Black "KISHORE, KAVISH:K03-16800564"]
[Result "0-1"]
[ICCResult "White resigns"]
[WhiteElo "938"]
[BlackElo "1373"]
[Opening "Sicilian"]
[ECO "B50"]
[NIC "SI.01"]
[Time "18:00:17"]
[PlyCount "30"]
[TimeControl "1800+10"]

1. e4 c5 2. Nf3 d6 3. d3 Nf6 4. g3 Nc6 5. c3 e6 6. Bg2 g6 7. Bg5 Bg7 8. Nbd2
Qb6 9. Nc4 Qc7 10. Qe2 b5 11. e5 dxe5 12. Nfxe5 Bb7 13. Bxc6+ Bxc6 14. Nxc6
Qxc6 15. Ne5 Qxh1+ {White resigns} 0-1

[Event "ICC tourney 3171 (30 10)"]
[Site "Internet Chess Club"]
[Date "2023.04.15"]
[Round "4"]
[White "TJIPTO, GAVIN:akudakudaku"]
[Black "Hernandez-Visbal, Arthur:thechessgod22"]
[Result "0-1"]
[ICCResult "White checkmated"]
[WhiteElo "1362"]
[BlackElo "1638"]
[Opening "Caro-Kann: Panov-Botvinnik attack"]
[ECO "B13"]
[NIC "CK.03"]
[Time "18:00:09"]
[PlyCount "116"]
[TimeControl "1800+10"]

1. e4 c6 2. d4 d5 3. exd5 cxd5 4. c4 Nf6 5. Nc3 Nc6 6. Nf3 g6 7. Bg5 Bg7 8.
Bxf6 Bxf6 9. Nxd5 Bg7 10. Be2 e6 11. Nc3 Nxd4 12. O-O O-O 13. Nxd4 Qxd4 14.
Qxd4 Bxd4 15. Nb5 Bxb2 16. Rab1 Be5 17. f4 Bb8 18. g3 a6 19. Nc3 e5 20. fxe5
Bxe5 21. Nd5 Re8 22. Bf3 Rb8 23. Nb6 Bd4+ 24. Kg2 Bf5 25. Rb3 Bc2 26. Bd5
Bxb3 27. Bxf7+ Kg7 28. Bxe8 Rxe8 29. axb3 Bxb6 30. Rd1 Kf6 31. Rd7 Re7 32.
Rd6+ Re6 33. Rd7 Re2+ 34. Kf1 Rf2+ 35. Ke1 Be3 36. Rxh7 b5 37. cxb5 axb5 38.
h3 Rb2 39. Rb7 Rxb3 40. Ke2 Bc5 41. Rc7 Bd6 42. Rc6 Ke5 43. Kf2 b4 44. Rc1
Kd4 45. Rd1+ Rd3 46. Rb1 Bxg3+ 47. Kg2 Kc3 48. Rc1+ Kd2 49. Rb1 b3 50. h4
Kc2 51. Rf1 b2 52. h5 gxh5 53. Kh3 Be1+ 54. Kg2 b1=Q 55. Rg1 Rg3+ 56. Kh2
Rxg1 57. Kh3 Qb3+ 58. Kh2 Qg3# {White checkmated} 0-1

[Event "ICC tourney 3171 (30 10)"]
[Site "Internet Chess Club"]
[Date "2023.04.15"]
[Round "4"]
[White "Bolme, Thomas Bradley:ThomasBradley75"]
[Black "Zhou, Abigail:AbiZ"]
[Result "0-1"]
[ICCResult "White resigns"]
[WhiteElo "567"]
[BlackElo "1403"]
[Opening "Center game: Paulsen attack"]
[ECO "C22"]
[NIC "KP.04"]
[Time "18:00:13"]
[PlyCount "100"]
[TimeControl "1800+10"]

1. e4 e5 2. d4 exd4 3. Qxd4 Nc6 4. Qe3 d6 5. Nc3 Nf6 6. Bd2 Be6 7. f3 Be7 8.
O-O-O Qd7 9. Bd3 O-O-O 10. Nge2 Ne5 11. Bb5 c6 12. Qxa7 cxb5 13. f4 Nc6 14.
Qa8+ Nb8 15. Be3 Bc4 16. Ba7 Kc7 17. Nd4 Na6 18. Bb8+ Rxb8 19. Qa7 Ra8 20.
Ndxb5+ Bxb5 21. Qd4 Rhd8 22. e5 Ne8 23. Nd5+ Kb8 24. a4 Bc6 25. Nb6 Qc7 26.
Nxa8 Kxa8 27. exd6 Rxd6 28. Qe5 Rxd1+ 29. Rxd1 Qxe5 30. fxe5 Bxa4 31. Kd2
Ka7 32. Rf1 f6 33. exf6 Nxf6 34. h3 Bc5 35. Kc3 b5 36. b3 Nd5+ 37. Kd2 Bxb3
38. Rf7+ Kb6 39. cxb3 Bd4 40. Kd3 Bf6 41. g4 Nc5+ 42. Kd2 Nxb3+ 43. Kd3 Nc5+
44. Kd2 b4 45. g5 Bxg5+ 46. Ke2 Bf6 47. Rf8 b3 48. Rb8+ Kc7 49. Rb5 Nc3+ 50.
Kd2 Nxb5 {White resigns} 0-1

[Event "ICC tourney 3171 (30 10)"]
[Site "Internet Chess Club"]
[Date "2023.04.15"]
[Round "4"]
[White "Ryerson, Olivia:oliviaryerson"]
[Black "SHRIVASTAVA, NIVAAN:Nivshri"]
[Result "0-1"]
[ICCResult "White resigns"]
[WhiteElo "1192"]
[BlackElo "1248"]
[Opening "Queen's pawn, Mason variation"]
[ECO "D00"]
[NIC "QP.08"]
[Time "18:00:09"]
[PlyCount "148"]
[TimeControl "1800+10"]

1. d4 d5 2. Bf4 e6 3. e3 c5 4. Nf3 Nf6 5. Bb5+ Nc6 6. O-O cxd4 7. exd4 Be7
8. Re1 O-O 9. Nc3 a6 10. Bxc6 bxc6 11. Qe2 c5 12. Rad1 cxd4 13. Nxd4 Bd7 14.
Bg5 h6 15. Bh4 Re8 16. Nf3 Qb6 17. Rb1 d4 18. Ne4 Bb5 19. Nxf6+ Bxf6 20. Qe4
Bc6 21. Qg4 Bxf3 22. gxf3 Bxh4 23. Qxh4 Qc6 24. Qxd4 Qxf3 25. Re3 Qf5 26.
Rc3 Rac8 27. Rxc8 Rxc8 28. Qd3 Rxc2 29. Qxf5 exf5 30. a4 Kf8 31. Kf1 Ke7 32.
b4 Kd7 33. Ke1 Kc6 34. b5+ axb5 35. axb5+ Kb6 36. Rd1 Kxb5 37. Rd5+ Rc5 38.
Rd7 Rc6 39. Rxf7 g6 40. Rh7 h5 41. Rg7 Kc5 42. Ke2 Kd4 43. Kf3 Ke5 44. Kg3
Kf6 45. Rd7 g5 46. h4 Rc3+ 47. f3 g4 48. Rh7 Rxf3+ 49. Kg2 Kg6 50. Rh8 Rh3
51. Rg8+ Kf6 52. Rg5 Rxh4 53. Rg8 f4 54. Rf8+ Ke5 55. Re8+ Kd4 56. Rd8+ Ke5
57. Re8+ Kf6 58. Rf8+ Kg5 59. Rg8+ Kh6 60. Rh8+ Kg7 61. Ra8 f3+ 62. Kg1 g3
63. Ra7+ Kf6 64. Ra6+ Kg5 65. Ra5+ Kg4 66. Ra4+ Kh3 67. Ra3 Rf4 68. Kh1 g2+
69. Kg1 Kg4 70. Ra2 f2+ 71. Rxf2 Rxf2 72. Kxf2 Kh3 73. Kg1 h4 74. Kf2 Kh2
{White resigns}
0-1

[Event "ICC tourney 3171 (30 10)"]
[Site "Internet Chess Club"]
[Date "2023.04.15"]
[Round "5"]
[White "Ryerson, Olivia:oliviaryerson"]
[Black "Hamlett, James Morrison:Hamlett144"]
[Result "0-1"]
[ICCResult "White checkmated"]
[WhiteElo "1192"]
[BlackElo "1414"]
[Opening "Queen's pawn: London system"]
[ECO "A45"]
[NIC "QP.05"]
[Time "20:02:35"]
[PlyCount "78"]
[TimeControl "1800+10"]

1. d4 Nf6 2. Bf4 e6 3. Nf3 c5 4. e3 Nc6 5. Bb5 Qa5+ 6. Nc3 Ne4 7. Bxc6 bxc6
8. O-O Nxc3 9. Qd2 cxd4 10. bxc3 dxc3 11. Qd3 Ba6 12. Qd4 Bxf1 13. Rxf1 f6
14. Rd1 Qd5 15. Qxd5 cxd5 16. Bc7 Rc8 17. Ba5 Be7 18. Re1 e5 19. e4 d4 20.
Nh4 g6 21. g3 Rc5 22. Bb4 Rb5 23. Bxe7 Kxe7 24. f4 d6 25. f5 g5 26. Nf3 h5
27. h4 g4 28. Nh2 Rhb8 29. Re2 Rb1+ 30. Kf2 R8b2 31. Nf1 Rxa2 32. Kg2 a5 33.
Kf2 a4 34. Re1 Rxe1 35. Kxe1 Rxc2 36. Kd1 Rb2 37. Kc1 a3 38. Kd1 a2 39. Kc1
a1=Q# {White checkmated} 0-1

[Event "ICC tourney 3171 (30 10)"]
[Site "Internet Chess Club"]
[Date "2023.04.15"]
[Round "5"]
[White "KINKUS, SAM E:Grandslam34"]
[Black "Bolme, Thomas Bradley:ThomasBradley75"]
[Result "1-0"]
[ICCResult "Black checkmated"]
[WhiteElo "938"]
[BlackElo "567"]
[Opening "Caro-Kann: closed (Breyer) variation"]
[ECO "B10"]
[NIC "CK.01"]
[Time "20:00:26"]
[PlyCount "117"]
[TimeControl "1800+10"]

1. e4 c6 2. d3 d5 3. Nd2 dxe4 4. dxe4 Nf6 5. Ngf3 Bg4 6. e5 Nd5 7. Be2 Nf4
8. O-O e6 9. Ne4 Qxd1 10. Rxd1 Nxe2+ 11. Kf1 Nxc1 12. Raxc1 Na6 13. Nd6+
Bxd6 14. Rxd6 O-O 15. Rcd1 Bxf3 16. gxf3 Nb4 17. Rd7 Nxa2 18. Rxb7 Rfd8 19.
Rxd8+ Rxd8 20. Rxa7 Nc1 21. Ra6 Rc8 22. Ke1 c5 23. Kd1 Rd8+ 24. Kxc1 f6 25.
exf6 gxf6 26. Rxe6 Rf8 27. Rc6 Rf7 28. Rxc5 Rg7 29. b4 Rg1+ 30. Kd2 Rh1 31.
b5 Rxh2 32. b6 Rxf2+ 33. Ke3 Rf1 34. b7 Rb1 35. Rc8+ Kg7 36. b8=Q Re1+ 37.
Kf2 Re7 38. Rc7 Kf7 39. Rxe7+ Kxe7 40. Qb6 h5 41. Kg3 Kf7 42. Kh4 Kg6 43. f4
Kf5 44. Kxh5 Kxf4 45. Qxf6+ Ke3 46. Qd6 Kf3 47. c4 Ke3 48. c5 Kf3 49. c6 Ke3
50. c7 Kf3 51. c8=Q Ke3 52. Kg6 Kf3 53. Kf7 Ke3 54. Ke7 Kf3 55. Kd7 Ke3 56.
Qe8+ Kf3 57. Qf6+ Kg3 58. Qg8+ Kh3 59. Qh6# {Black checkmated} 1-0

[Event "ICC tourney 3171 (30 10)"]
[Site "Internet Chess Club"]
[Date "2023.04.15"]
[Round "5"]
[White "LIN, CARL:K01-17110834"]
[Black "ANGELCHIK, JACOB:t105mm"]
[Result "0-1"]
[ICCResult "White checkmated"]
[WhiteElo "1228"]
[BlackElo "1152"]
[Opening "Sicilian"]
[ECO "B54"]
[NIC "SI.01"]
[Time "20:02:20"]
[PlyCount "118"]
[TimeControl "1800+10"]

1. e4 c5 2. Nf3 d6 3. d4 cxd4 4. Nxd4 e5 5. Nf3 Nf6 6. Nc3 Nc6 7. Bd3 Bg4 8.
h3 Bxf3 9. Qxf3 Be7 10. Bg5 Nd4 11. Qd1 Rc8 12. O-O O-O 13. Bxf6 Bxf6 14.
Nd5 g6 15. c3 Ne6 16. Qf3 Bg7 17. Rfe1 Nc7 18. Nxc7 Rxc7 19. Rad1 Bf6 20.
Bc2 a6 21. Rd5 Be7 22. Red1 Kg7 23. Rxe5 dxe5 24. Rxd8 Rxd8 25. Bb3 Bc5 26.
Qg3 Re7 27. Bd5 h6 28. Bxb7 Rd2 29. Bxa6 Re6 30. Bc4 Rf6 31. Qxe5 Rd1+ 32.
Kh2 Bd6 33. Qxd6 Rfxd6 34. a4 R1d2 35. b4 Rc6 36. Bd5 Rxc3 37. b5 Rxf2 38.
b6 Rb2 39. b7 Rcb3 40. a5 Rxb7 41. Bxb7 Rxb7 42. Kg3 Ra7 43. Kf4 Rxa5 44. g4
Ra4 45. h4 f6 46. g5 fxg5+ 47. hxg5 hxg5+ 48. Kxg5 Ra5+ 49. Kg4 Kf6 50. Kf4
Ra4 51. Kf3 Ke5 52. Kg4 Rxe4+ 53. Kg5 Rf4 54. Kxg6 Rf2 55. Kg7 Ke6 56. Kg8
Ke7 57. Kh7 Kf6 58. Kh8 Kf7 59. Kh7 Rh2# {White checkmated} 0-1

[Event "ICC tourney 3171 (30 10)"]
[Site "Internet Chess Club"]
[Date "2023.04.15"]
[Round "5"]
[White "KISHORE, KAVISH:K03-16800564"]
[Black "Chen, Angelique Lee:oklahoo"]
[Result "1-0"]
[ICCResult "Black checkmated"]
[WhiteElo "1373"]
[BlackElo "1226"]
[Opening "QGD Slav defense"]
[ECO "D10"]
[NIC "SL.01"]
[Time "20:01:47"]
[PlyCount "43"]
[TimeControl "1800+10"]

1. d4 d5 2. c4 c6 3. Nc3 Nf6 4. cxd5 cxd5 5. Bf4 Bf5 6. e3 a6 7. Qb3 Qd7 8.
Nf3 Nc6 9. Ne5 Na5 10. Nxd7 Nxb3 11. Nxf6+ gxf6 12. axb3 e6 13. Bb5+ Kd8 14.
O-O Bc2 15. Rfc1 Bxb3 16. e4 Rc8 17. Ba4 Bxa4 18. Nxa4 dxe4 19. Nb6 Rxc1+
20. Rxc1 Bg7 21. Bd6 Bf8 22. Rc8# {Black checkmated} 1-0

[Event "ICC tourney 3171 (30 10)"]
[Site "Internet Chess Club"]
[Date "2023.04.15"]
[Round "5"]
[White "ZHANG, ARI:brass60Six"]
[Black "TJIPTO, GAVIN:akudakudaku"]
[Result "0-1"]
[ICCResult "White checkmated"]
[WhiteElo "1343"]
[BlackElo "1362"]
[Opening "Dutch defense"]
[ECO "A84"]
[NIC "HD.10"]
[Time "20:00:31"]
[PlyCount "102"]
[TimeControl "1800+10"]

1. d4 f5 2. c4 g6 3. Nc3 Bg7 4. Nf3 Nf6 5. e3 d6 6. Bd3 Nbd7 7. Ng5 Nb6 8.
Qb3 c5 9. Nf3 O-O 10. O-O Bd7 11. Qc2 Rc8 12. Qb3 Kh8 13. Nb5 Bxb5 14. Qxb5
a6 15. Qb3 Ne4 16. d5 Qc7 17. Bxe4 fxe4 18. Ng5 Rf6 19. Ne6 Rxe6 20. dxe6
Rf8 21. Bd2 Qc6 22. Bc3 d5 23. cxd5 Nxd5 24. Bxg7+ Kxg7 25. Rad1 Rf5 26. Rd2
c4 27. Qc2 b5 28. a3 Qxe6 29. Rfd1 Rg5 30. Rd4 Nf6 31. Qe2 Qh3 32. Kf1 Qxh2
33. Ke1 Qxg2 34. Kd2 h5 35. Kc1 h4 36. Rf1 Ng4 37. Rxe4 Qxe4 38. Qd2 Nh2 39.
Rd1 Nf3 40. Qc3+ Qe5 41. Qa5 h3 42. Qd8 h2 43. Qa8 Qf5 44. Qe8 Rg1 45. Qxe7+
Kh6 46. e4 Rxd1+ 47. Kxd1 h1=Q+ 48. Kc2 Nd4+ 49. Kc3 Qhxe4 50. Qc7 Qe1+ 51.
Kxd4 Qd2# {White checkmated} 0-1

[Event "ICC tourney 3171 (30 10)"]
[Site "Internet Chess Club"]
[Date "2023.04.15"]
[Round "5"]
[White "Zhou, Abigail:AbiZ"]
[Black "SHRIVASTAVA, NIVAAN:Nivshri"]
[Result "1-0"]
[ICCResult "Black resigns"]
[WhiteElo "1403"]
[BlackElo "1248"]
[Opening "Sicilian: closed"]
[ECO "B23"]
[NIC "SI.44"]
[Time "20:00:21"]
[PlyCount "143"]
[TimeControl "1800+10"]

1. e4 c5 2. Nc3 d6 3. Bc4 Nf6 4. f4 e6 5. Nf3 Nc6 6. O-O Be7 7. d3 d5 8. Bb3
O-O 9. Bd2 b5 10. Nxb5 Qb6 11. Nc3 c4+ 12. Kh1 cxb3 13. axb3 dxe4 14. dxe4
Bb7 15. Qe2 a6 16. Be3 Qc7 17. Na4 Nd7 18. Rad1 Rad8 19. Qf2 Qa5 20. Nb6 Nc5
21. Nc4 Nxe4 22. Nxa5 Nxf2+ 23. Bxf2 Nxa5 24. Bb6 Rxd1 25. Rxd1 Bxf3 26.
gxf3 Nc6 27. Rd7 Rb8 28. Bf2 Rd8 29. Rc7 Nd4 30. Bxd4 Rxd4 31. Rxe7 Kf8 32.
Ra7 Rd1+ 33. Kg2 Rd2+ 34. Kg3 Rxc2 35. Rxa6 Rxb2 36. Ra3 Ke7 37. h4 h5 38.
Ra5 g6 39. Rb5 Kf6 40. b4 Rb3 41. Rb7 Rb2 42. b5 Kg7 43. b6 Kf8 44. Rb8+ Ke7
45. b7 Kd7 46. Rf8 Rxb7 47. Rxf7+ Kc6 48. Rf6 Rg7 49. Rxe6+ Kd5 50. Re5+ Kd6
51. Rg5 Ke7 52. f5 Kf6 53. fxg6 Rxg6 54. f4 Rh6 55. f5 Rh7 56. Kf4 Rh6 57.
Ke4 Kf7 58. Ke5 Ke7 59. Rg7+ Kf8 60. f6 Rh8 61. Ra7 Rh6 62. Ke6 Kg8 63. Ra8+
Kh7 64. Kf7 Rg6 65. Rh8+ Kxh8 66. Kxg6 Kg8 67. Kxh5 Kf7 68. Kg5 Kg8 69. Kg6
Kh8 70. h5 Kg8 71. f7+ Kf8 72. h6 {Black resigns} 1-0

[Event "ICC tourney 3171 (30 10)"]
[Site "Internet Chess Club"]
[Date "2023.04.15"]
[Round "5"]
[White "Hernandez-Visbal, Arthur:thechessgod22"]
[Black "QIAO, RICHARDSON JINGSI:Richardsonqiao"]
[Result "1-0"]
[ICCResult "Black checkmated"]
[WhiteElo "1638"]
[BlackElo "1553"]
[Opening "Giuoco Piano: Möller (Therkatz) attack"]
[ECO "C54"]
[NIC "IG.02"]
[Time "20:01:12"]
[PlyCount "59"]
[TimeControl "1800+10"]

1. e4 e5 2. Nf3 Nc6 3. Bc4 Bc5 4. c3 Nf6 5. d4 exd4 6. cxd4 Bb4+ 7. Nc3 Nxe4
8. O-O Bxc3 9. d5 Ne7 10. bxc3 O-O 11. Re1 Nd6 12. Bd3 h6 13. c4 b6 14. Bb2
Bb7 15. Qc2 c6 16. Qc3 f6 17. dxc6 Bxc6 18. Ba3 Ndc8 19. Nd4 Re8 20. Rad1
Qc7 21. Bb1 d6 22. Ne6 Qd7 23. Qg3 Ng6 24. Qxg6 Rxe6 25. Bf5 Rxe1+ 26. Rxe1
Qd8 27. Qh7+ Kf8 28. Qh8+ Kf7 29. Qxd8 Ne7 30. Rxe7# {Black checkmated} 1-0